 Dungeon Sprint DCSS version 0.30-a0-223-gcb0039aa0c (webtiles) character file.

Game seed: 7354456102114214653

699 rocky1 the Thaumaturge (level 7, -5/58 HPs)
             Began as a Djinni Fire Elementalist on Oct 10, 2022.
             Slain by a spatial vortex (25 damage)
             ... in the Dungeon (Sprint III: "The Ten Rune Challenge").
             The game lasted 00:03:10 (725 turns).

rocky1 the Thaumaturge (Djinni Fire Elementalist)    Turns: 725, Time: 00:03:10

Health: -5/58      AC:  2    Str:  7    XL:     7   Next: 97%
Gold:   27         EV: 12    Int: 18    God:
                   SH:  0    Dex: 14

rFire   + + .      SeeInvis .    n - +0 long sword (holy)
rCold   x . .      Faith    .    (no shield)
rNeg    . . .      Spirit   .    a - +0 robe
rPois   ∞          Reflect  .    (no helmet)
rElec   .          Harm     .    (no cloak)
rCorr   .          Rampage  .    (no gloves)
Will    .....      NoTele   +    (boots unavailable)
Stlth   ++........               (no amulet)
HPRegen 0.29/turn                (no ring)
MPRegen 0.00/turn                (no ring)

@: flying
A: sickness immunity, fire resistance 2, cold vulnerability 1, float, innate
caster, HP casting, extra vitality 1
a: no special abilities


You were in the Dungeon.
You visited 1 branch You collected 27 gold pieces.

Inventory:

Hand Weapons
 h - a +0 club
 n - a +0 long sword of holy wrath (weapon)
Armour
 a - a +0 robe (worn)
Scrolls
 f - a scroll of blinking
 j - a scroll of torment {unknown}
 k - 2 scrolls of identify
 l - 3 scrolls of poison {unknown}
 m - a scroll of magic mapping {unknown}
Potions
 b - 3 potions of curing
 c - a potion of heal wounds
 d - a potion of haste
 e - a potion of berserk rage
 g - a potion of attraction {unknown}
 i - 3 potions of mutation {unknown}


   Skills:
 * Level 7.0 Fighting
 - Level 2.3 Dodging
 - Level 1.6 Stealth
 + Level 11.5 Spellcasting


You had 10 spell levels left.
You knew the following spells:

 Your Spells              Type           Power      Damage    Failure   Level
a - Foxfire               Conj/Fire      100%       2x1d9     1%          1
b - Scorch                Fire           100%       2d10      1%          2
c - Kindle Blastsparks    Fire/Tloc/Air  100%       2d18      1%          3
d - Inner Flame           Hex/Fire       51%        N/A       1%          3
e - Flame Wave            Conj/Fire      51%        2d13      1%          4
f - Sandblast             Erth           100%       2d20      1%          1
g - Static Discharge      Conj/Air       100%       2-7/arc   1%          2
h - Dazzling Flash        Conj/Hex       100%       N/A       1%          3
Your spell library was empty.

Dungeon Overview and Level Annotations

Branches:
Dungeon (1/1)

Altars:
Cheibriados
Elyvilon
Fedhas
Gozag
Hepliaklqana
Makhleb
Nemelex Xobeh
Qazlal
Xom
Zin
The Shining One
Jiyva
Lugonu


Innate Abilities, Weirdness & Mutations

You are immune to sickness and miasma.
You are immune to poison.
Your flesh is very heat resistant. (rF++)
You are vulnerable to cold. (rC-)
You float through the air rather than walking.
You learn spells naturally, not from books.
Your magical power is your life essence.
You have superior vitality. (+4 MHP)


Message History

The spatial vortex is lightly damaged.
Casting: Foxfire (safe; 1% risk of failure)
Confirm with . or Enter, or press ? or * to list all spells.
You conjure some foxfire!
The foxfire hits the spatial vortex.
The spatial vortex resists.
The spatial vortex is lightly damaged.
The foxfire hits the spatial vortex.
The spatial vortex resists.
The spatial vortex is lightly damaged.
Casting: Foxfire (safe; 1% risk of failure)
Confirm with . or Enter, or press ? or * to list all spells.
You conjure some foxfire!
The foxfire hits the spatial vortex.
The spatial vortex resists.
The spatial vortex is moderately damaged.
The foxfire hits the spatial vortex.
The spatial vortex resists.
The spatial vortex is moderately damaged.
Casting: Foxfire (safe; 1% risk of failure)
Confirm with . or Enter, or press ? or * to list all spells.
You conjure some foxfire!
The foxfire hits the spatial vortex.
The spatial vortex resists.
The spatial vortex is moderately damaged.
The foxfire hits the spatial vortex.
The spatial vortex resists.
The spatial vortex is moderately damaged.
Unknown command.
Press < or > to pray at altars.
The foxfire hits the spatial vortex.
The spatial vortex resists.
The spatial vortex is heavily damaged.
The foxfire hits the spatial vortex.
The spatial vortex completely resists.
The spatial vortex is heavily damaged.
There is a snail-covered altar of Cheibriados here.
There is a hazy altar of Hepliaklqana here.
There is an opulent altar of Gozag here.
You hit the spatial vortex.
The spatial vortex is heavily damaged.
The spatial vortex hits you!! Space warps horribly around you!
You are too injured to fight recklessly!
Unknown command.
Press < or > to pray at altars.
The spatial vortex attacks as you move away!
The spatial vortex hits you!!
You die...

....♣♣ ♣.##### ...♣.♣
♣.#___# ...♣.♣
♣♣.#...#
...~.♣♣♣..###'#+###+##
..~~♣.....#..........#
.~†~~.♣.♣.'.⌠........#
.~≈≈~~~♣..#...######'#
~~≈~~~....#.⌠.#_v#...#
~≈~~~.....#...#_@#...#
~~~.......#+###__#...#
..........# #__#...+
..........# #__'...#
▓▓▓▓▓▓▓▓▓▓▓ ▓▓▓▓▓▓▓▓


You could see a spatial vortex.

Vanquished Creatures
  A deep elf pyromancer (D)
  A shadow (D)
  A water elemental (D)
  A jelly (D)
  Jessica (D)
  A human (D)
  A wolf (D)
  2 endoplasms (D)
9 creatures vanquished.

Vanquished Creatures (others)
  26 foxfires (D)
26 creatures vanquished.

Grand Total: 35 creatures vanquished

Notes
Turn   | Place    | Note
-------+----------+-------------------------------------------
     0 | D        | rocky1 the Djinni Fire Elementalist began the quest for the
                  | Orb.
     0 | D        | rocky1 set off with the following spells memorised:
                  | Foxfire, Scorch, Kindle Blastsparks, Inner Flame, Flame
                  | Wave.
     0 | D        | Reached XP level 1. HP: 15/15 MP: 0/0
    12 | D        | Reached skill level 3 in Spellcasting
   119 | D        | Noticed Jessica
   125 | D        | Killed Jessica
   126 | D        | Reached skill level 5 in Spellcasting
   126 | D        | Reached XP level 2. HP: 13/21 MP: 0/0
   126 | D        | Reached XP level 3. HP: 16/25 MP: 0/0
   126 | D        | Learned a level 1 spell: Sandblast
   185 | D        | Reached skill level 1 in Fighting
   277 | D        | Reached skill level 6 in Spellcasting
   277 | D        | Reached XP level 4. HP: 29/33 MP: 0/0
   343 | D        | Noticed a water elemental
   345 | D        | Killed a water elemental
   346 | D        | Reached skill level 7 in Spellcasting
   346 | D        | Reached XP level 5. HP: 36/40 MP: 0/0
   346 | D        | Learned a level 2 spell: Static Discharge
   362 | D        | Found a glowing silver altar of Zin.
   362 | D        | Found a glowing golden altar of the Shining One.
   362 | D        | Found a white marble altar of Elyvilon.
   362 | D        | Noticed a deep elf pyromancer
   365 | D        | Killed a deep elf pyromancer
   366 | D        | Reached skill level 10 in Spellcasting
   366 | D        | Reached XP level 6. HP: 44/51 MP: 0/0
   366 | D        | Reached XP level 7. HP: 49/57 MP: 0/0
   366 | D        | Learned a level 3 spell: Dazzling Flash
   397 | D        | Noticed a shadow
   402 | D        | Killed a shadow
   403 | D        | Reached skill level 11 in Spellcasting
   523 | D        | Found a blossoming altar of Fedhas.
   523 | D        | Found a stormy altar of Qazlal.
   523 | D        | Found a snail-covered altar of Cheibriados.
   523 | D        | Found a burning altar of Makhleb.
   523 | D        | Found a shimmering altar of Xom.
   523 | D        | Noticed a spatial vortex
   529 | D        | Found a hazy altar of Hepliaklqana.
   529 | D        | Found an opulent altar of Gozag.
   529 | D        | Found a sparkling altar of Nemelex Xobeh.
   529 | D        | Found a corrupted altar of Lugonu.
   529 | D        | Found a viscous altar of Jiyva.
   725 | D        | Slain by a spatial vortex

Illustrated notes

Levels and vault maps discovered:
D:        dungeon_sprint_mu [sprint_mu_entry_forest, sprint_mu_temple_rooms,
          sprint_mu_d1_horrors, sprint_mu_d2_genie, sprint_mu_d3_branching,
          sprint_mu_orc_legion, sprint_mu_elf_gauntlet, sprint_mu_hive_nellie,
          sprint_mu_lair_fedhas, sprint_mu_vaults_butterflies,
          sprint_mu_slime_circle, sprint_mu_swamp_cave, sprint_mu_snake_twists,
          sprint_mu_blade_basic, sprint_mu_crypt_fortress,
          sprint_mu_tomb_spiral, sprint_mu_vestibule_basic,
          sprint_mu_gehenna_hellfire, sprint_mu_dis_giant,
          sprint_mu_tartarus_statrot, sprint_mu_cocytus_islands, sprint_mu_zot1]

Skill      XL: |  1  2  3  4  5  6  7 |
---------------+----------------------+-----
Spellcasting   | 5 6 7 10 11 | 11.5
Fighting       | 1 3 6 7 |  7.0
Dodging        | |  2.3
Stealth        | |  1.6

Action                   |  1- 3 |  4- 6 |  7- 9 || total
-------------------------+-------+-------+-------++-------
Melee: Unarmed           |     2 |       |       ||     2
       Long sword        |       |       |     4 ||     4
 Cast: Foxfire           |     7 |       |     7 ||    14
       Scorch            |     5 |     5 |     5 ||    15
       Kindle Blastspark |       |     1 |       ||     1
Dodge: Dodged            |       |     1 |     1 ||     2

Table legend: (Time is in decaauts)
 A = Elapsed time spent in this place.
 B = Non-inter-level travel time spent in this place.
 C = Inter-level travel time spent in this place.
 D = Time resting spent in this place.
 E = Time spent auto-exploring this place.
 F = Levels seen in this place.
 G = Mean time per level.
                   A        B        C        D        E       F      G
               +--------+--------+--------+--------+--------+-----+--------+
         Total |    725 |    725 |      0 |    531 |      0 |   1 |  725.0 |
       Dungeon |    725 |    725 |      0 |    531 |      0 |   1 |  725.0 |
               +--------+--------+--------+--------+--------+-----+--------+

Top non-repeatable levels by time:
       D: 725 daAuts
